 Dungeon Crawl Stone Soup version 0.20.2-3-g29329e0561 (webtiles) character file.

135 Alfie the Covered (level 5, -5/46 HPs)
             Began as a Hill Orc Fighter on Mar 13, 2024.
             Slain by a sky beast (6 damage)
             ... on level 3 of the Dungeon.
             The game lasted 00:04:18 (1644 turns).

Alfie the Covered (Hill Orc Fighter)                Turns: 1644, Time: 00:04:18

Health: -5/46      AC:  7    Str: 20      XL:     5   Next: 18%
Magic:  14/14      EV:  7    Int: 10 (11) God:
Gold:   81         SH:  9    Dex:  8 (10) Spells: 4/4 levels left

rFire    . . .     SeeInvis .   a - +0 rapier
rCold    . . .     Gourm    .   c - +0 shield
rNeg     . . .     Faith    .   b - +0 scale mail
rPois    .         Spirit   .   (no helmet)
rElec    .         Reflect  .   (no cloak)
rCorr    .         Harm     .   (no gloves)
MR       .....                  (no boots)
Stlth    ..........             (no amulet)
Regen    0.2/turn               e - ring of magical power
MPRegen  0.2/turn               n - +3 ring of intelligence

@: no status effects
A: no striking features
a: no special abilities


You were on level 3 of the Dungeon.
You were not hungry.

You visited 1 branch of the dungeon, and saw 3 of its levels.

You collected 81 gold pieces.

Inventory:

Hand Weapons
 a - a +0 rapier (weapon)
Armour
 b - a +0 scale mail (worn)
 c - a +0 shield (worn)
Jewellery
 e - a ring of magical power (left hand)
 i - an uncursed ring of fire
 n - a +3 ring of intelligence (right hand)
 q - an uncursed amulet of faith {unknown}
Scrolls
 g - 7 scrolls of identify {unknown}
 m - a scroll of remove curse {unknown}
 o - 2 scrolls of enchant armour {unknown}
Potions
 d - 2 potions of might
 h - a potion of agility
 k - a potion of cancellation {unknown}
 p - a potion of flight {unknown}
 r - a potion of haste {unknown}
Comestibles
 f - a bread ration
 j - 4 royal jellies
 l - 2 meat rations


   Skills:
 + Level 4.1 Fighting
 + Level 3.5 Short Blades
 + Level 4.2 Armour
 + Level 0.5 Dodging
 + Level 0.1 Stealth
 + Level 4.0 Shields


You had 4 spell levels left.
You didn't know any spells.

Dungeon Overview and Level Annotations

Branches:
Dungeon (3/15)

Altars:


Message History

The sky beast is almost dead.
The sky beast completely misses you.
You hit the sky beast but do no damage.
The sky beast is almost dead.
The sky beast barely misses you.
You closely miss the sky beast.
The sky beast is almost dead.
The sky beast hits you but does no damage.
You miss the sky beast.
The sky beast is almost dead.
You block the sky beast's attack.
You closely miss the sky beast.
The sky beast is almost dead.
You block the sky beast's attack.
Your shield prevents you from hitting the sky beast.
The sky beast is almost dead.
The sky beast hits you.
* * * LOW HITPOINT WARNING * * *
The sky beast shocks you.
You die...

########## #...Y@...#
#<######.# #####
#.###.##.#
#...######.##...#.#
#.......[.........#####
#...####..........†...#
##.## #..Y#......###.#
#.# #..........# #.#
#.# #[.####.#### #.#


You could see a sky beast.

Vanquished Creatures
  Natasha (D:3)
  A worker ant (D:3)
  3 adders
  3 worms
  A dart slug (D:1)
  3 leopard geckos
  A giant cockroach (D:1)
  4 goblins
  4 hobgoblins
  9 jackals (D:2)
  A quokka (D:2)
  3 frilled lizards
  9 kobolds
  6 rats
49 creatures vanquished.

Notes
Turn   | Place    | Note
-------+----------+-------------------------------------------
     0 | D:1      | Alfie the Hill Orc Fighter began the quest for the Orb.
     0 | D:1      | Reached XP level 1. HP: 19/19 MP: 1/1
   236 | D:1      | Reached XP level 2. HP: 27/27 MP: 2/2
   832 | D:2      | Reached XP level 3. HP: 33/33 MP: 3/3
   989 | D:2      | Reached XP level 4. HP: 20/40 MP: 4/4
  1443 | D:3      | Noticed Natasha
  1466 | D:3      | Killed Natasha
  1542 | D:3      | Reached XP level 5. HP: 19/46 MP: 5/5
  1570 | D:3      | Noticed a sky beast
  1644 | D:3      | HP: 1/46 [sky beast (3)]
  1644 | D:3      | Slain by a sky beast

Skill      XL: |  1  2  3  4 |
---------------+-------------+-----
Fighting       | 4 |  4.1
Armour         | 4 |  4.2
Short Blades   | 3 |  3.5
Shields        | 4 |  4.0
Dodging        | |  0.5
Stealth        | |  0.1

Action                   |  1- 3 |  4- 6 || total
-------------------------+-------+-------++-------
Melee: Rapier            |   107 |   126 ||   233
  Use: Potion            |       |     3 ||     3
  Eat: Fruit             |       |     2 ||     2
       Bread ration      |       |     1 ||     1
Armor: Scale mail        |    44 |    39 ||    83
Dodge: Dodged            |    44 |    23 ||    67
Block: Shield            |    54 |    46 ||   100
